 Dungeon Crawl Stone Soup version 0.29-a0-557-g43b9904bd1 (webtiles) character file.

Game seed: 7627351374087663517

21 spaghetti the Caller (level 2, 3/23 HPs)
             Began as a Gnoll Wanderer on June 8, 2022.
             Quit the game on level 2 of the Dungeon.
             The game lasted 00:01:51 (924 turns).

spaghetti the Caller (Gnoll Wanderer)                Turns: 924, Time: 00:01:52

Health: 3/23       AC:  4    Str: 14    XL:     2   Next: 87%
Magic:  2/5        EV: 11    Int: 12    God:
Gold:   44         SH:  0    Dex:  7    Spells: 3/6 levels left

rFire   . . .      SeeInvis .   a - +0 spear {polearm}
rCold   . . .      Faith    .   (no shield)
rNeg    . . .      Spirit   .   d - +0 leather armour
rPois   .          Reflect  .   (no helmet)
rElec   .          Harm     .   (no cloak)
rCorr   .          Rampage  .   f - +0 pair of gloves
Will    .....                   (no boots)
Stlth   +.........              (no amulet)
HPRegen 0.07/turn               (no ring)
MPRegen 0.09/turn               (no ring)

@: lethally poisoned (3 -> -1), attractive
A: fangs 1, strong nose, distributed training
a: no special abilities


You were on level 2 of the Dungeon.
You visited 1 branch of the dungeon, and saw 2 of its levels.

You collected 44 gold pieces.


Innate Abilities, Weirdness & Mutations

You have very sharp teeth.
Your uncanny sense of smell can sniff out nearby items.
Your experience applies equally to all skills.


   Skills:
 + Level 2.5 Fighting
 + Level 0.5 Short Blades
 + Level 0.5 Long Blades
 + Level 0.5 Axes
 + Level 0.5 Maces & Flails
 + Level 4.5 Polearms
 + Level 0.5 Staves
 + Level 0.5 Slings
 + Level 0.5 Bows
 + Level 0.5 Crossbows
 + Level 0.5 Throwing
 + Level 2.5 Armour
 + Level 2.5 Dodging
 + Level 0.5 Stealth
 + Level 0.5 Shields
 + Level 0.5 Unarmed Combat
 + Level 2.7 Spellcasting
 + Level 0.4 Conjurations
 + Level 0.4 Hexes
 + Level 5.4 Summonings
 + Level 0.4 Necromancy
 + Level 0.4 Translocations
 + Level 0.4 Transmutations
 + Level 0.4 Fire Magic
 + Level 0.4 Ice Magic
 + Level 0.4 Air Magic
 + Level 0.4 Earth Magic
 + Level 0.4 Poison Magic
 + Level 0.7 Invocations
 + Level 2.5 Evocations


You had 3 spell levels left.
You knew the following spells:

 Your Spells              Type           Power      Damage    Failure   Level
a - Summon Small Mammal   Summ           56%        N/A       3%          1
b - Call Imp              Summ           14%        N/A       4%          2

Your spell library contained the following spells:

 Spells                   Type           Power      Damage    Failure   Level
 Summon Guardian Golem    Hex/Summ       8%         N/A       28%         3
 Poisonous Vapours        Pois/Air       4%         N/A       36%         2
 Corpse Rot               Necr/Pois/Air  2%         N/A       95%         4

Inventory:

Hand Weapons
 a - a +0 spear (weapon) {polearm}
Missiles
 e - 63 stones (quivered) {throwing}
 i - 4 javelins {throwing}
Armour
 d - a +0 leather armour (worn)
 f - a +0 pair of gloves (worn)
   (You found it on level 1 of the Dungeon)
Wands
 b - a wand of polymorph (4)
Scrolls
 c - 2 scrolls of fog
 g - a scroll of teleportation {unknown}

Dungeon Overview and Level Annotations

Branches:
Dungeon (2/15)

Altars:

# .# #. .# ..# ###r.#
######.S..# #. ..#
...##@# ###.####.# .#
###.##5##..##.........#
#<...............#.#...
###.##.###.....#.#.#..#
#................#..#
##.#................#
####.#...##......)<....
#.....^......#.........
#.##.##...#..##.#......


You could see an adder (distracted, ally target), a friendly crimson imp
(summoned) and a friendly quokka (summoned).


Message History

The quokka closely misses you.
You miss the quokka.
The adder hisses angrily.
The quokka misses you.
You barely miss the quokka. The quokka bites you. 😕 HP[-2]
You take 2 damage, and now have 21/23 hp.
You are too injured to fight recklessly!
You are too injured to fight recklessly!
You are too injured to fight recklessly!
You are too injured to fight recklessly!
You are too injured to fight recklessly!
You are too injured to fight recklessly!
You are too injured to fight recklessly!
You are too injured to fight recklessly!
You are too injured to fight recklessly!
You are too injured to fight recklessly!
You are too injured to fight recklessly!
You are too injured to fight recklessly!
There are monsters nearby!
There are monsters nearby!
You closely miss the quokka.
The quokka bites you but does no damage.
You closely miss the quokka. The quokka bites you.
The quokka barely misses you. 😕 HP[-2]
You take 2 damage, and now have 19/23 hp.
You barely miss the quokka.
The quokka twitches its whiskers.
The quokka bites you but does no damage.
You miss the quokka.
The quokka bites you but does no damage.
You hit the quokka.
You kill the quokka!
You hit the adder. The adder misses you. The adder completely misses you.
Unknown command.
You miss the adder. The adder misses you.
You hit the adder. The adder closely misses you. 😕 HP[+1]
You barely miss the adder. The adder closely misses you.
You barely miss the adder. The adder bites you but does no damage.
You closely miss the adder. The adder bites you but does no damage.
You barely miss the adder. You bite the adder. The adder barely misses you.
You barely miss the adder. The adder bites you but does no damage.
The adder closely misses you.
You barely miss the adder. The adder closely misses you.
You closely miss the adder. Your bite misses the adder. The adder bites you.
You are poisoned.
The adder poisons you! 😕 HP[-2]
You take 2 damage, and now have 18/23 hp.
You barely miss the adder. You bite the adder.
You feel sick. The adder barely misses you. 😮 HP[-2]
You take 2 damage, and now have 16/23 hp.
You barely miss the adder. Your bite misses the adder.
You feel sick. The adder bites you. 😮 HP[-2]
You take 2 damage, and now have 14/23 hp.
You miss the adder.
You feel sick.
The adder bites you but does no damage. 😮 HP[-1]
You take 1 damage, and now have 13/23 hp.
You miss the adder.
You feel sick. The adder barely misses you. 😮 HP[-1]
You take 1 damage, and now have 12/23 hp.
You barely miss the adder. The adder completely misses you.
You miss the adder. Your bite misses the adder.
You feel sick. The adder bites you.
* * * LOW HITPOINT WARNING * * *
You are lethally poisoned!
The adder poisons you!
The adder bites you but does no damage. 😨 HP[-5]
You take 5 damage, and now have 7/23 hp.
MASSIVE DAMAGE!! (PAUSE) Cast which spell? (? or * to list)
A beastly little devil appears in a puff of flame.
* * * LOW HITPOINT WARNING * * *
You feel sick. The adder bites you.
* * * LOW HITPOINT WARNING * * *
😱 HP[-3] MP[-2]
You take 3 damage, and now have 4/23 hp.
You lost 2 mp, and now have 3/5 mp.
Unknown command.
Unknown command.
Casting: Call Imp (safe; 4% risk of failure)
Confirm with . or Enter, or press ? or * to list all spells.
* * * LOW HITPOINT WARNING * * *
You feel sick. The adder barely misses you. 😱 MP[-1]
You lost 1 mp, and now have 2/5 mp.
It was a potion of attraction.
You feel attractive to monsters.
* * * LOW HITPOINT WARNING * * *
You feel sick. The adder barely misses you.
Your quokka bites the adder.
The adder bites your quokka but does no damage. 😱 HP[-1]
You take 1 damage, and now have 3/23 hp.
Unknown command.
Unknown command.
Are you sure you want to abandon this character and quit the game? (Confirm with "yes".)

Action                   || total
-------------------------++-------
Melee: Spear             ||   100
       Bite              ||    10
       Punch             ||     2
 Cast: Summon Small Mamm ||     1
       Call Imp          ||     1
  Use: Potion            ||     1
Armor: Leather armour    ||    21
Dodge: Dodged            ||    42

Levels and vault maps discovered:
D:1:      lightli_arrival_statuegarden, layout_loops_ring, serial_forest,
          infiniplex_forest_clump_double, infiniplex_forest_straight_4,
          infiniplex_forest_corner_1, infiniplex_forest_clump_double,
          infiniplex_forest_lined_corner, dreamdust_ecumenical_altar_grove
D:2:      minmay_diamond_boxcup, layout_basic, st_stairs_5

Notes
Turn   | Place    | Note
-------+----------+-------------------------------------------
     0 | D:1      | spaghetti the Gnoll Wanderer began the quest for the Orb.
     0 | D:1      | spaghetti set off with the following items: a +0 spear
                  | {polearm}, a wand of polymorph (4), a scroll of fog, a +0
                  | leather armour; and the following spell memorised: Summon
                  | Small Mammal; and the following spells available to
                  | memorise: Call Imp, Summon Guardian Golem
     0 | D:1      | Reached XP level 1. HP: 17/17 MP: 4/4
     0 | D:1      | magus.rc [v1.9.6]
   149 | D:1      | Reached XP level 2. HP: 23/23 MP: 5/5
   449 | D:1      | Learned a level 2 spell: Call Imp
   541 | D:1      | Found a faded altar of an unknown god.
   825 | D:2      | You pick up a book of Vapours and begin reading...
   825 | D:2      | You add the spells Poisonous Vapours and Corpse Rot to your
                  | library.
   921 | D:2      | HP: 5/23 [poisoned by an adder]
   924 | D:2      | Quit the game

Vanquished Creatures
  3 ball pythons (D:1)
  An endoplasm (D:2)
  A giant cockroach (D:1)
  2 goblins
  3 hobgoblins (D:1)
  2 kobolds (D:1)
  A quokka (D:2)
  A bat (D:1)
  A frilled lizard (D:1)
  6 rats (D:1)
21 creatures vanquished.

Vanquished Creatures (others)
  4 plants (D:1)
4 creatures vanquished.

Grand Total: 25 creatures vanquished

Table legend:
 A = Non-vault XP
 B = Vault XP
 C = Vault XP percentage of total XP
 D = Non-vault monster count
 E = Vault monster count
 F = Vault count percentage of total count
                 A         B        C        D         E       F
            +---------+---------+-------+---------+---------+-------
      Total |      31 |       0 |   0.0 |      21 |       0 |   0.0
            +---------+---------+-------+---------+---------+-------
        D:1 |      25 |       0 |   0.0 |      18 |       0 |   0.0
        D:2 |       6 |       0 |   0.0 |       3 |       0 |   0.0
            +---------+---------+-------+---------+---------+-------

Illustrated notes

Table legend:
 A = Kills in this place as a percentage of kills in entire the game.
 B = Kills by you in this place as a percentage of kills by you in the entire game.
 C = Kills by friends in this place as a percentage of kills by friends in the entire game.
 D = Other kills in this place as a percentage of other kills in the entire game.
 E = Experience gained in this place as a percentage of experience gained in the entire game.
 F = Experience gained in this place divided by the number of levels of this place that you have seen.
                   A       B       C       D       E      F
               +-------+-------+-------+-------+-------+----------------------
         Total | 100.0 | 100.0 |   N/A |   N/A | 100.0 |  15.5
       Dungeon | 100.0 | 100.0 |   N/A |   N/A | 100.0 |  15.5
               +-------+-------+-------+-------+-------+----------------------

Table legend: (Time is in decaauts)
 A = Elapsed time spent in this place.
 B = Non-inter-level travel time spent in this place.
 C = Inter-level travel time spent in this place.
 D = Time resting spent in this place.
 E = Time spent auto-exploring this place.
 F = Levels seen in this place.
 G = Mean time per level.
                   A        B        C        D        E       F      G
               +--------+--------+--------+--------+--------+-----+--------+
         Total |    912 |    903 |      9 |      0 |    734 |   2 |  456.0 |
       Dungeon |    912 |    903 |      9 |      0 |    734 |   2 |  456.0 |
               +--------+--------+--------+--------+--------+-----+--------+

Top non-repeatable levels by time:
     D:1: 717 daAuts
     D:2: 194 daAuts
